 Dungeon Crawl Stone Soup version 0.29.1-2-gbd0b4ee654 (webtiles) character file.

Game seed: 13659370522956075509

4 qeuew the Grasshopper (level 1, 0/17 HPs)
             Began as a Barachi Warper on Nov 4, 2022.
             Slain by a goblin
             ... wielding a +0 dagger
              (3 damage)
             ... on level 1 of the Dungeon.
             The game lasted 00:00:56 (95 turns).

qeuew the Grasshopper (Barachi Warper)                Turns: 95, Time: 00:00:57

Health: 0/17       AC:  3    Str: 12    XL:     1   Next: 60%
Magic:  3/3        EV: 11    Int: 13    God:
Gold:   23         SH:  0    Dex: 11    Spells: 4/4 levels left

rFire   . . .      SeeInvis .   a - +0 falchion
rCold   . . .      Faith    .   (no shield)
rNeg    . . .      Spirit   .   b - +0 leather armour
rPois   .          Reflect  .   (no helmet)
rElec   .          Harm     .   (no cloak)
rCorr   .          Rampage  .   (no gloves)
Will    .....                   (no boots)
Stlth   +.........              (no amulet)
HPRegen 0.05/turn               (no ring)
MPRegen 0.08/turn               (no ring)

@: slow
A: amphibious, slowness 1, strong legs 1, +LOS
a: Hop


You were on level 1 of the Dungeon.
You visited 1 branch of the dungeon, and saw 1 of its levels.

You collected 23 gold pieces.

Inventory:

Hand Weapons
 a - a +0 falchion (weapon)
Missiles
 d - 7 boomerangs of dispersal
Armour
 b - a +0 leather armour (worn)
Scrolls
 c - a scroll of blinking


   Skills:
 + Level 2.4 Fighting
 + Level 2.4 Long Blades
 - Level 1.0 Throwing
 + Level 1.2 Armour
 + Level 2.2 Dodging
 + Level 2.2 Spellcasting
 + Level 3.5 Translocations


You had 4 spell levels left.
You didn't know any spells.
Your spell library contained the following spells:

 Spells                   Type           Power      Damage    Failure   Level
 Blink                    Tloc           20%        N/A       12%         2
 Gell's Gravitas          Tloc           10%        N/A       22%         3
 Lesser Beckoning         Tloc           10%        N/A       22%         3
 Teleport Other           Tloc           10%        N/A       22%         3
 Manifold Assault         Tloc           10%        N/A       91%         5


Dungeon Overview and Level Annotations

Branches:
Dungeon (1/15)

Altars:


Innate Abilities, Weirdness & Mutations

You are amphibious.
You cover ground slowly.
You can hop short distances.
You have an extended range of vision and can be seen from far away.


Message History

No target in view!
No target in view!
No target in view!
No target in view!
You see here a staff of death.
You now have 23 gold pieces (gained 12).
A goblin comes into view. It is wielding a +0 club.
The goblin shouts!
You hear a shout!
You barely miss the goblin. The goblin misses you.
The goblin hits you with a +0 club.
You hit the goblin.
You kill the goblin!
No target in view!
No target in view!
No target in view!
Okay, then.
Okay, then.
HP restored.
Things that are here:
a +0 club; a goblin corpse A goblin comes into view.
It is wielding a +0 dagger.
The goblin drinks a potion.
The goblin flickers and vanishes!
Deactivating autopickup; reactivate with Ctrl-A.
No target in view!
Found 6 stones.
Something hits you but does no damage.
You see here 2 fizzy white potions.
You miss something. Something hits you.
You miss something. Something hits you but does no damage. Something hits you.
You closely miss something. Something hits you.
You closely miss something. Something hits you but does no damage.
You hit something. Something hits you.
You miss something. Something hits you.
You miss something. Something hits you.
A giant cockroach comes into view.
Something hits you.
* * * LOW HITPOINT WARNING * * *
You barely miss something. Something hits you but does no damage.
You closely miss something. Something hits you.
You die...

#.#....#.....#......
..+#≈≈##........##.#
.....#####.....#.#
#### #...#........#
##...####)..###
#...........####.#
#..###.###.......#
#.(###B##.....####
#....@..#.....#
#...##..#.....# #..
#..#.....# #.
...#.....# #
##.####### .# .⌠ ..
.∩#


You could see a giant cockroach.

Vanquished Creatures
  A dart slug (D:1)
  A bat (D:1)
  A goblin (D:1)
3 creatures vanquished.

Notes
Turn   | Place    | Note
-------+----------+-------------------------------------------
     0 | D:1      | qeuew the Barachi Warper began the quest for the Orb.
     0 | D:1      | Reached XP level 1. HP: 17/17 MP: 3/3
    95 | D:1      | Slain by a goblin

Illustrated notes

Levels and vault maps discovered:
D:1:      dpeg_arrival_rooms_with_view, layout_loops_cross,
          ebering_ecumenical_altar_abandoned, columned_hall_lemuel

Action                   || total
-------------------------++-------
Melee: Falchion          ||    17
Armor: Leather armour    ||     7
Dodge: Dodged            ||     5
